 Dungeon Crawl Stone Soup version 0.29.0-13-gc9e81de378 (webtiles) character file.

Game seed: 15748713779603885921

209 emikaela the Shooter (level 5, 0/41 HPs)
             Began as a Demigod Arcane Marksman on Sept 7, 2022.
             Slain by a gnoll
             ... wielding a +1 spear of venom
              (6 damage)
             ... on level 3 of the Dungeon.
             The game lasted 00:15:29 (3712 turns).

emikaela the Shooter (Demigod Arcane Marksman)      Turns: 3712, Time: 00:15:30

Health: 0/41       AC:  3    Str: 11    XL:     5   Next: 30%
Magic:  8/10       EV: 13    Int: 15    God:
Gold:   167        SH:  0    Dex: 18    Spells: 4/7 levels left

rFire   . . .      SeeInvis .   a - +1 sling
rCold   . . .      Faith    .   (no shield)
rNeg    . . .      Spirit   .   c - +0 robe
rPois   .          Reflect  .   (no helmet)
rElec   .          Harm     .   m - +0 cloak
rCorr   .          Rampage  .   (no gloves)
Will    .....                   (no boots)
Stlth   ++........              (no amulet)
HPRegen 0.13/turn               (no ring)
MPRegen 0.12/turn               (no ring)

@: lethally poisoned (0 -> -15), hasted, very quick
A: high MP 1, forlorn, divine attributes
a: no special abilities


You were on level 3 of the Dungeon.
You visited 1 branch of the dungeon, and saw 4 of its levels.

You collected 167 gold pieces.

Inventory:

Hand Weapons
 a - a +1 sling (weapon)
 b - a +2 vampiric whip
 t - a +3 war axe
Missiles
 q - 3 poisoned darts
 s - 40 stones
Armour
 c - a +0 robe (worn)
 m - a +0 cloak (worn)
Magical Staves
 h - a staff of conjuration
Scrolls
 g - 2 scrolls of silence {unknown}
 k - a scroll of enchant armour {unknown}
 l - 2 scrolls of immolation {unknown}
 n - 2 scrolls of poison {!r}
 o - 4 scrolls of identify {unknown}
 p - a scroll of enchant weapon {unknown}
 r - a scroll of amnesia {unknown}
 u - 2 scrolls of noise {unknown}
Potions
 d - a potion of might {unknown}
 e - a potion of haste
 f - a potion of resistance {unknown}
 j - a potion of mutation {unknown}
 v - a potion of berserk rage {unknown}
 w - a potion of heal wounds {unknown}
 x - a potion of ambrosia {unknown}


   Skills:
 + Level 2.1 Fighting
 * Level 3.4 Ranged Weapons
 + Level 2.7 Dodging
 + Level 1.6 Spellcasting
 + Level 3.4 Hexes


You had 4 spell levels left.
You knew the following spells:

 Your Spells              Type           Power      Damage    Failure   Level
a - Scorch                Fire           2%         2d5       34%         2
s - Slow                  Hex            44%        N/A       6%          1

Your spell library contained the following spells:

 Spells                   Type           Power      Damage    Failure   Level
 Inner Flame              Hex/Fire       6%         N/A       34%         3
 Portal Projectile        Hex/Tloc       12%        N/A       34%         3
 Cause Fear               Hex            5%         N/A       50%         4
 Flame Wave               Conj/Fire      1%         2d4       93%         4
 Summon Cactus Giant      Summ           0%         N/A       100%        6


Dungeon Overview and Level Annotations

Branches:
Dungeon (4/15)
 Temple: D:4-7

Annotations:
D:2 exclusion: 2 gnolls
D:4 exclusion: ogre


Innate Abilities, Weirdness & Mutations

You have an increased reservoir of magic. (+10% MP)
You shall have no god before yourself.
Your divine heritage dramatically boosts your attributes as you level up.


Message History

The gnoll resists with significant effort.
The gnoll barely misses you.
Casting: Slow (safe; 6% risk of failure)
Confirm with . or Enter, or press ? or * to list all spells.
Aiming: Slow (safe; 6% risk of failure)
Press: ? - help, Shift-Dir - straight line, f/p - gnoll
Aim: a gnoll, wielding a +1 spear of venom (almost dead, haloed, chance to affect: 58%)
The gnoll resists with significant effort.
The jackal bites you but does no damage.
The gnoll hits you from afar with a +1 spear of venom.
You are poisoned.
You feel better. The jackal completely misses you. The gnoll barely misses you.
You are too injured to fight recklessly!
Unknown command.
Fire: a) +1 sling
Press: ? - help, Q - select action, (/) - cycle Shift-Dir - straight line, f/p - gnoll
Aim: a gnoll, wielding a +1 spear of venom (almost dead, haloed, 83% to hit)
You shoot a sling bullet.
The sling bullet hits the gnoll but does no damage.
The gnoll is almost dead.
The jackal bites you.
The gnoll hits you from afar with a +1 spear of venom.
You are poisoned.
Fire: a) +1 sling
Press: ? - help, Q - select action, (/) - cycle Shift-Dir - straight line, f/p - gnoll
Aim: a gnoll, wielding a +1 spear of venom (almost dead, haloed, 83% to hit)
You shoot a sling bullet.
The sling bullet hits the gnoll but does no damage.
The gnoll is almost dead.
You feel very sick.
The jackal bites you but does no damage.
The gnoll hits you from afar with a +1 spear of venom.
* * * LOW HITPOINT WARNING * * *
You are lethally poisoned!
It was a potion of haste.
You feel yourself speed up.
* * * LOW HITPOINT WARNING * * *
You feel very sick.
The jackal bites you but does no damage.
The gnoll hits you from afar with a +1 spear of venom.
You die...

..## ##..#...## #... .##
####.#≈.≈.≈# #..g .########
##......≈.≈.# #....
........#### #...#.......#
#...# ####.......#
#...###.....# #####
#.##.#######+.#####...#### #
#.##.#####..g..####......# #
#.##..##A#_..h_#1##...##.#####
#.########...@.####...##......
#.##########+...###...########
#.......# #..[####.#### ####
######### #...# ##.# #...
##.####..# #.## #......##
###.## ######.# #..... #.#
#..... #.#######.....


You could see an angel, an Executioner, a gnoll and a jackal (slow).

Vanquished Creatures
  A jelly (D:4)
  2 iguanas (D:4)
  3 gnolls
  2 adders (D:3)
  An ufetubus (D:4)
  A worm (D:3)
  2 dart slugs (D:1)
  4 orcs (D:4)
  5 endoplasms
  A giant cockroach (D:2)
  8 goblins
  4 hobgoblins
  4 jackals
  5 quokkas
  4 ball pythons
  6 bats
  2 frilled lizards (D:2)
  6 kobolds
  A rat (D:2)
62 creatures vanquished.

Notes
Turn   | Place    | Note
-------+----------+-------------------------------------------
     0 | D:1      | emikaela the Demigod Arcane Marksman began the quest for
                  | the Orb.
     0 | D:1      | Reached XP level 1. HP: 15/15 MP: 4/4
   199 | D:1      | Reached skill level 1 in Fighting
   338 | D:1      | Reached XP level 2. HP: 23/23 MP: 5/5
  1004 | D:1      | Learned a level 2 spell: Scorch
  1183 | D:2      | Reached XP level 3. HP: 27/28 MP: 6/6
  1955 | D:3      | Noticed an angel
  1955 | D:3      | Noticed an Executioner
  2242 | D:3      | You fall into a shaft and drop 1 floor!
  2382 | D:4      | Reached XP level 4. HP: 18/36 MP: 6/8
  2764 | D:4      | Reached XP level 5. HP: 29/41 MP: 10/10
  2863 | D:4      | Noticed an ogre
  3712 | D:3      | Slain by a gnoll

Illustrated notes

Levels and vault maps discovered:
D:1:      dpeg_arrival_castle, layout_basic, ebering_ecumenical_altar_mist
D:2:      layout_basic
D:3:      layout_loops_cross, grunt_temple_overflow_order_and_chaos_2,
          nicolae_ru_path_of_blood, grunt_ministairs_9
D:4:      minmay_inner_zag, layout_basic, lemuel_crystal_altar

Skill      XL: |  1  2  3  4 |
---------------+-------------+-----
Fighting       | 1 2 |  2.1
Ranged Weapons | 2 3 |  3.4
Dodging        | 2 |  2.7
Hexes          | 3 |  3.4
Spellcasting   | |  1.6

Action                   |  1- 3 |  4- 6 || total
-------------------------+-------+-------++-------
Melee: Whip              |     9 |     3 ||    12
 Fire: Sling             |   152 |   121 ||   273
 Cast: Slow              |     5 |    27 ||    32
  Use: Potion            |       |     3 ||     3
Armor: Robe              |     9 |    12 ||    21
Dodge: Dodged            |    40 |    50 ||    90
